 Dungeon Crawl Stone Soup version 0.18-a0-1304-g6d2dd1f (webtiles) character file.

44 Jenkins the Chiller (level 3, -5/26 HPs)
             Began as a Draconian Ice Elementalist on Feb 13, 2016.
             Slain by a worm (10 damage)
             ... on level 1 of the Dungeon.
             The game lasted 00:08:26 (1681 turns).

Jenkins the Chiller (Draconian Ice Elementalist)    Turns: 1681, Time: 00:08:26

Health: -5/26      AC:  5    Str: 10    XL:     3   Next: 39%
Magic:  3/6        EV: 12    Int: 16    God:
Gold:   94         SH:  0    Dex: 11    Spells: 2 memorised, 4 levels left

rFire  . . .     SeeInvis .     n - +1 short sword (venom)
rCold  . . .     Gourm    +     (armour unavailable)
rNeg   . . .     Faith    .     (no shield)
rPois  .         Spirit   .     (helmet restricted)
rElec  .         Dismiss  .     (no cloak)
rCorr  .         Reflect  .     (no gloves)
SustAt .         Harm     .     (no boots)
MR     .....                    c - amulet of the gourmand
Stlth  ++........               (no ring)
                                (no ring)

@: flying, not resistant to hostile enchantments, unstealthy
A: unfitting armour, cold-blooded, AC +5
a: no special abilities


You were on level 1 of the Dungeon.
You were not hungry.

You visited 1 branch of the dungeon, and saw 2 of its levels.

You collected 94 gold pieces.

Inventory:

Hand Weapons
 i - a +0 dagger
 k - a +0 short sword
 n - a +1 short sword of venom (weapon)
Jewellery
 c - an amulet of the gourmand (around neck)
 m - a cursed -5 ring of intelligence {unknown}
Scrolls
 f - 4 scrolls of remove curse
 j - a scroll of amnesia {unknown}
Potions
 e - a potion of curing {unknown}
 g - 4 potions of mutation {unknown}
 h - a potion of berserk rage {unknown}
Books
 a - a book of Frost

   Spells                             Type                      Level
   a - Freeze                         Ice                          1
   b - Throw Frost                    Conjuration/Ice              2
   c - Ozocubu's Armour               Charms/Ice                   3
   d - Throw Icicle                   Conjuration/Ice              4
   e - Summon Ice Beast               Ice/Summoning                4
Comestibles
 b - a bread ration
 l - 2 fruits


   Skills:
 + Level 0.2 Fighting
 + Level 0.2 Short Blades
 + Level 2.1 Dodging
 + Level 1.9 Stealth
 + Level 2.6 Spellcasting
 + Level 1.0 Conjurations
 + Level 3.6 Ice Magic


You had 4 spell levels left.
You knew the following spells:

 Your Spells              Type           Power        Failure   Level  Hunger
a - Freeze                Ice            ##..         6%          1    #......
b - Throw Frost           Conj/Ice       #.....       14%         2    ##.....


Dungeon Overview and Level Annotations

Branches:
Dungeon (2/15)

Altars:
Xom

Annotations:
D:2 Robin


Innate Abilities, Weirdness & Mutations

Your plain brown scales are hard (AC +5).
Your body does not fit into most forms of armour.
You are cold-blooded and may be slowed by cold attacks.


Message History

The goblin hits you but does no damage.
The hobgoblin hits you but does no damage.
The worm closely misses you.
You closely miss the hobgoblin.
The hobgoblin is lightly wounded.
The goblin hits you but does no damage.
The hobgoblin hits you but does no damage.
The goblin barely misses you.
You hit the hobgoblin.
The hobgoblin is poisoned.
The hobgoblin is severely wounded.
You kill the hobgoblin!
The worm bites you!
* * * LOW HITPOINT WARNING * * *
The goblin hits you.
* * * LOW HITPOINT WARNING * * *
Drink which item? (? for menu, Esc to quit)
It was a potion of flight.
You feel very buoyant.
You fly up into the air.
The worm bites you!
You die...

#............#
#.##########.# #.# #.# #.#
#.# #.# ####.###### #.#
#.........# #.# ##....#####
#######.########.#..#######
...............†@)........#
#######........gw...#######
......................#
#############......####
######## #### ...#


You could see a worm and a goblin.

Vanquished Creatures
  An ooze (D:1)
  2 giant geckos (D:1)
  2 giant cockroaches (D:1)
  5 goblins (D:1)
  6 hobgoblins (D:1)
  3 jackals (D:1)
  4 bats (D:1)
  3 giant newts (D:1)
  2 kobolds (D:1)
  7 rats (D:1)
35 creatures vanquished.

Notes
Turn   | Place    | Note
--------------------------------------------------------------
     0 | D:1      | Jenkins the Draconian Ice Elementalist began the quest for the Orb.
     0 | D:1      | Reached XP level 1. HP: 14/14 MP: 3/3
   429 | D:1      | Reached XP level 2. HP: 10/20 MP: 0/5
   642 | D:1      | Learned a level 2 spell: Throw Frost
   773 | D:1      | Found a shimmering altar of Xom.
  1161 | D:1      | Reached XP level 3. HP: 22/26 MP: 3/6
  1643 | D:2      | Noticed Robin
  1681 | D:1      | Slain by a worm

Vault maps used:
D:1:      saegor_arrival_simple_e, xom_teletrap_fun
D:2:      grunt_temple_overflow_open, grunt_ministairs_2, uniq_robin

Action                   || total
-------------------------++-------
Melee: Unarmed           ||     7
       Club              ||     5
       Short sword       ||    29
 Cast: Freeze            ||    36
       Throw Frost       ||    11
  Use: Scroll            ||     1
       Potion            ||     1
  Eat: Meat ration       ||     1
       Chunk             ||     2
